Map: 亚历山大港 - 天梯版

Players

Maru - Winner!

  • Race: Terran Terran
  • League: Gold

SpeCial

  • Race: Terran Terran

Event: WESG 2018 Grand Finals

VOD

Have the link to the VOD?

Description

Time

  • Played on: March 11, 2019, 2:28 a.m.
  • Length: 14:02

All games in this series

Show
View Real Time Build Order
Export as new Build Order

Maru Terran - Winner!

Build Orders: Reaper Expand 

Get SALT Encoding   

  12  0:00  SCV  
  13  0:12  SCV  
  14  0:18  Supply Depot  
  14  0:24  SCV  
  15  0:39  SCV  
  16  0:43  Barracks  
  16  0:49  Refinery  
  16  1:02  Barracks  
  16  1:05  SCV  
  17  1:18  SCV  
  18  1:32  Orbital Command  
  18  1:33  Reaper  
  19  1:52  Command Center  
  19  1:57  SCV  
  20  2:09  Factory  
  20  2:13  SCV  
  21  2:20  Supply Depot  
  20  2:25  SCV  
  20  2:26  Refinery  
  21  2:37  SCV  
  22  2:49  SCV  
  23  2:52  Factory Tech Lab  
  23  3:01  SCV  
  23  3:04  Orbital Command  
  24  3:11  Cyclone  
  24  3:12  Starport  
  27  3:13  SCV  
  28  3:25  SCV  
  29  3:30  SCV  
  30  3:34  Refinery  
  30  3:37  SCV  
  30  3:40  Barracks Reactor  
  31  3:42  SCV  
  31  3:44  Cyclone  
  35  3:49  SCV, Starport Tech Lab  
  35  3:54  SCV  
  37  4:02  SCV  
  37  4:05  Command Center  
  37  4:06  SCV  
  38  4:14  SCV  
  38  4:15  Raven  
  41  4:18  Supply Depot, SCV  
  41  4:21  Marine  
  41  4:22  Marine  
  44  4:26  SCV  
  45  4:32  SCV  
  46  4:40  Siege Tank, SCV  
  46  4:44  SCV  
  48  4:52  SCV  
  47  4:56  SCV  
  47  4:57  Raven  
  50  5:03  Marine x2  
  50  5:04  SCV  
  53  5:09  SCV  
  53  5:13  Barracks  
  54  5:16  SCV  
  54  5:21  SCV  
  55  5:22  Siege Tank  
  55  5:25  Orbital Command  
  57  5:28  SCV  
  57  5:33  SCV  
  55  5:40  SCV  
  54  5:45  SCV  
  51  5:53  SCV  
  51  5:57  SCV, Siege Tank  
  51  6:00  Raven  
  57  6:04  Barracks Tech Lab  
  57  6:05  SCV  
  57  6:06  SCV  
  57  6:09  SCV  
  60  6:13  Refinery  
  60  6:15  Marine x2  
  60  6:17  SCV  
  63  6:18  SCV  
  63  6:21  SCV  
  63  6:25  Supply Depot  
  65  6:29  Stimpack, SCV  
  65  6:30  SCV  
  67  6:35  SCV  
  69  6:46  Barracks, Siege Tank  
  71  6:48  SCV  
  71  6:49  Supply Depot  
  71  6:51  Barracks Reactor  
  72  6:56  Engineering Bay  
  72  6:57  Engineering Bay  
  71  7:03  SCV x2  
  71  7:06  Orbital Command  
  71  7:07  Viking x2  
  77  7:11  Supply Depot  
  77  7:15  SCV x2  
  79  7:18  Supply Depot  
  79  7:24  Marine  
  79  7:26  Siege Tank  
  79  7:27  SCV x2  
  82  7:31  SCV  
  82  7:36  Supply Depot  
  83  7:38  Marine, Viking x2  
  83  7:39  SCV x2  
  83  7:44  SCV  
  91  7:50  Terran Infantry Weapons Level 1, Terran Infantry Armor Level 1  
  91  7:51  SCV x2  
  91  7:58  Barracks x2  
  93  8:02  Sensor Tower, SCV  
  93  8:04  Refinery x2  
  94  8:06  Siege Tank  
  94  8:10  Supply Depot, SCV  
  94  8:11  Combat Shield  
  98  8:13  Marine x2  
  98  8:15  Marine  
  101  8:20  SCV  
  101  8:21  Supply Depot  
  101  8:24  Viking  
  104  8:27  Marine  
  104  8:31  Armory, Marine x2  
  107  8:36  SCV  
  107  8:39  SCV  
  109  8:43  Barracks Reactor  
  109  8:45  Marine  
  109  8:46  Barracks Reactor x2  
  109  8:49  Marine x2, Siege Tank  
  109  8:52  SCV  
  109  8:55  Command Center  
  115  8:58  Factory  
  115  9:02  Marine  
  115  9:06  SCV  
  114  9:10  Supply Depot  
  114  9:11  Marine x2, Supply Depot  
  114  9:13  Viking x2  
  120  9:20  Marine  
  120  9:22  Terran Vehicle Weapons Level 1  
  120  9:24  Marine x4  
  121  9:25  Supply Depot  
  125  9:32  Marine x3  
  125  9:33  Siege Tank  
  125  9:34  Supply Depot  
  125  9:35  Supply Depot  
  130  9:43  Marine x5  
  130  9:44  Marine  
  136  9:46  Terran Infantry Weapons Level 2, Terran Infantry Armor Level 2  
  136  9:49  Medivac x2, Marine x3  
  143  9:57  SCV  
  144  10:00  Supply Depot  
  144  10:01  Marine  
  144  10:02  Liberator x2  
  144  10:03  Marine  
  144  10:04  Marine x4  
  144  10:05  Siege Tank x2  
  160  10:21  SCV x2  
  160  10:22  SCV  
  160  10:24  Supply Depot  
  163  10:33  SCV  
  163  10:35  SCV  
  163  10:36  Marine x6  
  163  10:37  Sensor Tower, Supply Depot  
  163  10:41  Planetary Fortress  
  169  10:45  Refinery  
  169  10:46  Refinery  
  169  10:51  Marine x3, Siege Tank x2  
  176  11:05  Starport x2  
  176  11:15  Marine x7  
  182  11:25  Command Center  
  181  11:26  Viking x2  
  181  11:29  Supply Depot  
  181  11:30  Siege Tank  
  186  11:42  Starport Reactor, Starport Tech Lab, Terran Vehicle And Ship Armor Level 1  
  186  11:43  Fusion Core  
  186  11:44  Marine  
  186  11:45  Marine x2  
  189  11:48  Missile Turret  
  189  11:55  Marine x2  
  191  12:01  Liberator  
  191  12:02  Liberator  
  179  12:11  Marine  
  179  12:12  Marine  
  179  12:14  Marine x2  
  156  12:16  Marine  
  156  12:18  Viking x3  
  156  12:19  Marine x4  
  156  12:20  Siege Tank  
  177  12:30  SCV x3  
  177  12:31  SCV  
  177  12:34  Advanced Ballistics  
  180  12:42  SCV  
  181  12:48  Viking x2  
  181  12:50  Viking  
  187  12:59  Siege Tank  
  187  13:01  Viking  
  187  13:02  Viking  
  194  13:07  Planetary Fortress  
  187  13:18  Viking x2  
  187  13:19  Viking  
  193  13:28  Siege Tank  
  193  13:31  Viking  
  193  13:32  Viking  
  171  13:40  Marine  
Show
View Real Time Build Order
Export as new Build Order

SpeCial Terran 

Build Orders: 1/1/1, Banshee Rush 

Get SALT Encoding   

  12  0:00  SCV  
  13  0:13  SCV  
  14  0:17  Supply Depot  
  14  0:25  SCV  
  15  0:28  Refinery  
  15  0:39  SCV  
  16  0:45  Barracks  
  16  0:51  SCV  
  17  1:03  SCV  
  18  1:15  SCV  
  19  1:20  Refinery  
  19  1:32  Marine  
  20  1:35  Orbital Command  
  20  1:37  Factory  
  20  1:47  Supply Depot  
  20  1:50  Marine  
  21  2:02  SCV  
  21  2:08  Marine  
  22  2:14  SCV  
  24  2:21  Starport, Hellion  
  26  2:26  Barracks Tech Lab, SCV  
  27  2:41  SCV  
  30  2:46  Supply Depot  
  30  2:54  Barracks Reactor, SCV  
  31  3:04  Cloaking Field  
  29  3:07  SCV  
  29  3:08  Banshee  
  29  3:09  Factory Tech Lab  
  33  3:24  Command Center  
  33  3:27  SCV  
  34  3:36  Supply Depot  
  34  3:40  Siege Tank  
  37  3:43  SCV  
  37  3:47  Marine  
  39  3:58  Banshee, Marine, SCV  
  44  4:06  Supply Depot  
  44  4:08  Marine  
  45  4:13  SCV  
  45  4:16  Marine  
  47  4:28  Marine, Siege Tank  
  51  4:33  SCV  
  51  4:36  Marine  
  53  4:39  Orbital Command  
  53  4:45  Marine, SCV  
  55  4:57  Banshee, SCV  
  55  4:59  Marine  
  59  5:03  Marine  
  59  5:05  Siege Tank  
  64  5:08  SCV  
  64  5:09  SCV  
  66  5:17  Supply Depot  
  66  5:20  SCV  
  67  5:21  SCV  
  67  5:22  Marine  
  67  5:24  Marine  
  70  5:34  SCV  
  70  5:38  Siege Tank  
  70  5:39  SCV  
  70  5:40  Marine  
  70  5:42  Marine  
  68  5:46  SCV  
  62  5:51  SCV  
  61  5:57  Marine, Raven  
  61  5:58  SCV  
  61  6:00  Marine  
  61  6:03  SCV  
  67  6:07  Refinery  
  67  6:08  Refinery  
  67  6:10  SCV  
  68  6:12  Siege Tank  
  68  6:13  Command Center  
  68  6:15  Marine, SCV  
  68  6:18  Marine  
  74  6:22  SCV  
  72  6:27  SCV  
  73  6:34  SCV  
  76  6:40  SCV  
  75  6:47  Siege Tank  
  75  6:53  Supply Depot  
  78  7:00  Stimpack  
  78  7:06  Barracks x2  
  78  7:14  Marine, SCV x2, Viking x2  
  85  7:15  Engineering Bay x2  
  85  7:16  Supply Depot  
  85  7:24  Siege Tank  
  85  7:26  SCV x2  
  85  7:32  Marine  
  85  7:33  Orbital Command  
  86  7:38  SCV x2  
  86  7:43  Terran Infantry Weapons Level 1  
  88  7:44  Viking x2  
  88  7:45  Terran Infantry Armor Level 1  
  88  7:50  Marine, SCV x2  
  95  7:58  Barracks Reactor x2  
  95  8:00  SCV  
  95  8:03  SCV x2  
  95  8:05  Siege Tank  
  101  8:07  Marine  
  101  8:12  Sensor Tower, SCV  
  103  8:15  SCV x2  
  103  8:18  Supply Depot  
  105  8:25  Marine, SCV  
  109  8:31  SCV  
  109  8:39  Medivac x2, Marine x4  
  109  8:41  Supply Depot  
  115  8:42  Barracks  
  115  8:43  Siege Tank  
  115  8:44  Barracks, Marine  
  115  8:47  Refinery  
  117  8:49  Refinery, SCV  
  117  8:58  Supply Depot  
  117  8:59  Supply Depot  
  117  9:01  Marine  
  117  9:02  Marine x4, SCV x3  
  123  9:11  Combat Shield  
  123  9:14  SCV x2  
  125  9:19  Armory  
  125  9:20  Marine x5, Siege Tank, SCV  
  134  9:27  SCV  
  134  9:29  Medivac x2  
  141  9:42  Marine x3, Supply Depot x2  
  141  9:43  Supply Depot  
  141  9:44  Supply Depot  
  141  9:45  Barracks Reactor x2, Marine  
  142  9:46  Marine  
  142  9:49  Command Center  
  144  10:00  Marine x3  
  144  10:02  Factory  
  144  10:03  Marine x2  
  144  10:05  Terran Infantry Weapons Level 2, Terran Infantry Armor Level 2  
  149  10:07  Terran Vehicle Weapons Level 1  
  149  10:16  Supply Depot  
  149  10:17  Marine x3, Viking  
  149  10:21  Marine x2, Viking  
  156  10:23  Marine x2  
  160  10:29  Marine x2  
  160  10:35  Marine x3  
  162  10:39  Marine  
  162  10:40  Marine  
  162  10:41  Marine  
  171  10:43  SCV  
  171  10:44  SCV x2  
  171  10:47  Marine, Viking  
  177  10:51  Viking  
  177  10:54  Starport  
  177  10:56  Starport  
  177  10:59  Barracks Reactor  
  174  11:08  Planetary Fortress  
  174  11:09  Marine  
  174  11:11  Marine, Refinery x2  
  174  11:12  Missile Turret  
  174  11:14  Marine x2  
  174  11:17  Viking  
  178  11:20  Marine  
  178  11:21  Marine, Viking  
  178  11:25  SCV x3  
  185  11:35  Starport Tech Lab x2  
  185  11:36  Command Center  
  185  11:37  SCV  
  186  11:47  Viking  
  186  11:50  Viking  
  189  11:58  Corvid Reactor, Raven x2  
  191  12:08  Marine  
  173  12:15  Marine  
  145  12:16  Marine  
  145  12:17  Marine, Viking  
  145  12:18  Marine x6  
  145  12:20  Viking, Siege Tank x2  
  158  12:25  Marine  
  159  12:32  Marine  
  159  12:33  Liberator  
  159  12:34  Marine  
  159  12:35  Marine x2  
  159  12:36  Marine x5  
  168  12:43  Marine  
  168  12:44  Raven  
  168  12:47  Viking  
  168  12:50  Marine  
  176  12:52  Marine, Siege Tank  
  176  12:53  Marine x4, Siege Tank  
  176  12:54  Marine x3  
  189  12:59  Planetary Fortress  
  189  13:01  Command Center  
  189  13:04  Marine  
  190  13:08  Marine  
  190  13:10  Marine  
  190  13:11  Marine  
  190  13:12  Marine  
  190  13:14  Marine  
  190  13:19  Viking  
  193  13:22  Marine x2  
  193  13:25  Siege Tank  
  196  13:33  Marine  
  170  13:34  Marine  
  170  13:36  Marine  
  170  13:39  Marine  
Tags
 
Add a new tag
Caveats
  • Supply blocks, unpowered buildings, or Contaminate may cause inaccurate times.
  • Supply counts are checked every 10 seconds.